 Dungeon Crawl Stone Soup version 0.23-a0-484-g29ba69c (webtiles) character file.

613 MisterFreud the Cleaver (level 7, 0/66 HPs)
             Began as a Hill Orc Gladiator on Nov 30, 2018.
             Slain by a hornet (8 damage)
             ... on level 5 of the Dungeon.
             The game lasted 00:06:02 (4067 turns).

MisterFreud the Cleaver (Hill Orc Gladiator)        Turns: 4067, Time: 00:06:03

Health: 0/66       AC:  7    Str: 19    XL:     7   Next: 44%
Magic:  7/7        EV: 12    Int:  8    God:
Gold:   184        SH:  0    Dex: 12    Spells: 6/6 levels left

rFire    . . .     SeeInvis +   a - +0 war axe
rCold    . . .     Gourm    .   (no shield)
rNeg     . . .     Faith    .   b - +0 leather armour
rPois    .         Spirit   .   p - +2 helmet {SInv}
rElec    .         Reflect  .   (no cloak)
rCorr    .         Harm     .   r - +0 pair of gloves
MR       .....                  (no boots)
Stlth    +.........             g - amulet of the acrobat
HPRegen  0.21/turn              x - ring of flight
MPRegen  0.10/turn              (no ring)

@: no status effects
A: no striking features
a: Evoke Flight


You were on level 5 of the Dungeon.
You were not hungry.

You visited 1 branch of the dungeon, and saw 5 of its levels.

You collected 274 gold pieces.
You spent 90 gold pieces at shops.

Inventory:

Hand Weapons
 a - a +0 war axe (weapon)
Missiles
 i - 115 stones (quivered)
 j - 103 bolts
 y - 37 arrows
 C - 8 sling bullets
 F - 4 tomahawks
Armour
 b - a +0 leather armour (worn)
 c - a +0 helmet
 o - a +0 shield
 p - a +2 helmet of see invisible (worn)
 r - a +0 pair of gloves (worn)
Jewellery
 g - an amulet of the acrobat (around neck)
 x - a ring of flight (left hand)
 D - an uncursed ring of fire
 E - an uncursed ring of ice
Wands
 t - a wand of flame (14)
Scrolls
 e - 2 scrolls of random uselessness {unknown}
 f - 3 scrolls of fear {unknown}
 h - 11 scrolls of identify {unknown}
 l - 6 scrolls of remove curse {unknown}
 s - a scroll of enchant armour {unknown}
 u - 2 scrolls of teleportation {unknown}
 B - a scroll of noise {unknown}
Potions
 k - 4 potions of flight {unknown}
 m - a potion of magic {unknown}
 n - a potion of might {unknown}
 q - a potion of degeneration {unknown}
 w - a potion of invisibility {unknown}
 A - 2 potions of curing
Comestibles
 z - 7 rations


   Skills:
 + Level 7.2 Fighting
 - Level 8.0 Axes
 - Level 1.7 Throwing
 - Level 2.4 Dodging


You had 6 spell levels left.
You didn't know any spells.
Your spell library was empty.

Dungeon Overview and Level Annotations

Branches:
Dungeon (5/15)
 Temple: D:4-7

Altars:
Fedhas
Nemelex Xobeh
Qazlal
Trog
Wu Jian
Zin


Message History

The throwing net barely misses the hornet.
You feel sick. The hornet closely misses you. The hornet stings you!
* * * LOW HITPOINT WARNING * * *
You are more poisoned.
You feel as though you will be slow longer.
Fire/throw which item? (* to show all) (? for menu, Esc to quit)
Press: ? - help, Shift-Dir - straight line, f/p - hornet
Aim: a hornet (heavily wounded)
You throw a throwing net. The throwing net hits the hornet.
The hornet is caught in the net!
The hornet is heavily wounded.
* * * LOW HITPOINT WARNING * * *
You feel sick.
The hornet struggles against the net. x2
You feel better.
The hornet struggles against the net. x2
The net rips apart, and the hornet comes free!
You closely miss the hornet.
The hornet is heavily wounded.
You feel yourself speed up. The hornet stings you!
You die...

#.# ### .# #.# . #.# ##. #.# #(.
. #.###### #.# #. ......)# #.#
### #. ..###..# #.# #.# #.
####...## #y# #.# #.
#.....########@# #.# #.
##.)...#.....#.# #.# ##.
##.##...###...# #.# ##..
#.##..##.##..## #.# ##.#.
#####.#...#...#...## #.# ##.###
...##...####.####..# #.###.## #
.......##..#'#..##.#####.##.##
.......#._.'.')..#.........#.## #
.......##.##.##.##..).##.#.##.###


You could see a hornet.

Vanquished Creatures
  2 ogres
  A scorpion (D:4)
  A crimson imp (D:4)
  A hound (D:5)
  2 orc wizards
  An iguana (D:3)
  A hound skeleton (D:4)
  A worker ant zombie (D:5)
  7 gnolls
  3 adders
  A howler monkey skeleton (D:4)
  3 oozes
  An adder zombie (D:5)
  An adder skeleton (D:5)
  2 worms
  2 dart slugs
  3 leopard geckos
  11 orcs
  A ball python (D:2)
  5 bats
  6 giant cockroaches
  2 goblins (D:1)
  7 hobgoblins
  4 jackals (D:2)
  2 quokkas (D:5)
  4 frilled lizards
  A jackal skeleton (D:2)
  7 kobolds
  7 rats
90 creatures vanquished.

Notes
Turn   | Place    | Note
-------+----------+-------------------------------------------
     0 | D:1      | MisterFreud the Hill Orc Gladiator began the quest for the
                  | Orb.
     0 | D:1      | Reached XP level 1. HP: 18/18 MP: 1/1
    60 | D:1      | Reached XP level 2. HP: 23/25 MP: 2/2
    73 | D:1      | Reached skill level 5 in Axes
   356 | D:1      | Reached XP level 3. HP: 30/30 MP: 3/3
   634 | D:2      | Found a blossoming altar of Fedhas.
   731 | D:2      | Reached skill level 6 in Axes
   834 | D:2      | Found Zin's Purification Station.
   836 | D:2      | Found a glowing silver altar of Zin.
   841 | D:2      | Bought a potion of curing for 90 gold pieces
   944 | D:2      | Reached XP level 4. HP: 27/37 MP: 4/4
  1310 | D:2      | Found a faded altar of an unknown god.
  1690 | D:3      | HP: 1/37 [iguana (5)]
  1693 | D:3      | Reached skill level 7 in Axes
  2512 | D:4      | Reached XP level 5. HP: 42/42 MP: 5/5
  2520 | D:4      | Found a bloodstained altar of Trog.
  2641 | D:4      | Reached skill level 8 in Axes
  2656 | D:4      | Found a stormy altar of Qazlal.
  2801 | D:4      | Reached XP level 6. HP: 45/51 MP: 6/6
  2984 | D:5      | Entered Level 5 of the Dungeon
  3071 | D:5      | Reached skill level 5 in Fighting
  3178 | D:5      | HP: 2/56 [ogre/+0 giant club (19)]
  3550 | D:4      | Reached XP level 7. HP: 51/64 MP: 7/7
  3739 | D:5      | Found an ornate altar of the Wu Jian Council.
  4037 | D:5      | Found a sparkling altar of Nemelex Xobeh.
  4052 | D:5      | Noticed a hornet
  4055 | D:5      | Paralysed by a hornet for 1 turns
  4058 | D:5      | Paralysed by a hornet for 1 turns
  4064 | D:5      | HP: 2/66 [hornet (10)]
  4067 | D:5      | Slain by a hornet

Vault maps used:
D:1:      minmay_arrival_plants_in_alcoves
D:2:      fedhas_ov_isle_minmay, zin_purify, chequers_ecumenical_altar_grove
D:4:      overflow_temple_1_default, nicolae_qazlal_eye_of_the_storm,
          first_ration
D:5:      kennysheep_mini_moat, temple_green, nemelex_dance_club_becter

Skill      XL: |  1  2  3  4  5  6  7 |
---------------+----------------------+-----
Axes           | 5 6 7 8 |  8.0
Fighting       | 3 6 7 |  7.2
Throwing       | |  1.7
Dodging        | |  2.4

Action                   |  1- 3 |  4- 6 |  7- 9 || total
-------------------------+-------+-------+-------++-------
Melee: War axe           |    89 |   180 |    25 ||   294
Throw: Throwing net      |       |       |     3 ||     3
  Use: Potion            |       |     1 |     2 ||     3
 Stab: Sleeping          |     1 |       |     1 ||     2
  Eat: Chunk             |       |     5 |     2 ||     7
       Ration            |       |     1 |       ||     1
Armor: Leather armour    |    32 |    53 |     5 ||    90
Dodge: Dodged            |    68 |   117 |    14 ||   199

Table legend:
 A = Non-vault XP
 B = Vault XP
 C = Vault XP percentage of total XP
 D = Non-vault monster count
 E = Vault monster count
 F = Vault count percentage of total count
                 A         B        C        D         E       F
            +---------+---------+-------+---------+---------+-------
      Total |     744 |     132 |  15.1 |      88 |       2 |   2.2
            +---------+---------+-------+---------+---------+-------
        D:1 |      43 |       0 |   0.0 |      21 |       0 |   0.0
        D:2 |      51 |       0 |   0.0 |      20 |       0 |   0.0
        D:3 |      49 |       0 |   0.0 |       8 |       0 |   0.0
        D:4 |     432 |       0 |   0.0 |      23 |       0 |   0.0
        D:5 |     169 |     132 |  43.9 |      16 |       2 |  11.1
            +---------+---------+-------+---------+---------+-------
